 Dungeon Crawl Stone Soup version 0.30-a0-772-g5528072125 (webtiles) character file.

Game seed: 5591447334332023354

531 kingofthe the Sneak (level 7, -17/41 HPs)
             Began as an Octopode Fire Elementalist on Feb 12, 2023.
             Demolished by a hornet (18 damage)
             ... on level 5 of the Dungeon.
             The game lasted 00:09:55 (4272 turns).

kingofthe the Sneak (Octopode Fire Elementalist)    Turns: 4272, Time: 00:09:55

Health: -17/41     AC:  1    Str: 14    XL:     7   Next: 24%
Magic:  5/12       EV: 14    Int: 23    God:
Gold:   235        SH:  0    Dex: 14    Spells: 9/13 levels left

rFire   . . .      SeeInvis .    o - +4 spear
rCold   . . .      Faith    .    (no shield)
rNeg    . . .      Spirit   .    (helmet restricted)
rPois   .          Reflect  .    (no amulet)
rElec   .          Harm     .    k - +6 ring of strength
rCorr   .          Rampage  .    r - +6 ring of intelligence
Will    .....                    (no ring)
Stlth   ++++                     (no ring)
HPRegen 0.26/turn                (no ring)
MPRegen 0.13/turn                (no ring)
                                 (no ring)
                                 (no ring)

@: lethally poisoned (-17 -> -22), slowed, very slow
A: almost no armour, amphibious, 8 rings, camouflage 1, gelatinous body 1,
(nimble swimmer 1), tentacles
a: no special abilities


You were on level 5 of the Dungeon.
You visited 1 branch of the dungeon, and saw 5 of its levels.

You collected 235 gold pieces.

Inventory:

Hand Weapons
 l - a +4 dagger
 n - a +2 heavy sling
 o - a +4 spear (weapon)
 t - the +9 sword of Power {lifebolt}
   (You found it on level 4 of the Dungeon)
Jewellery
 k - a +6 ring of strength (left tentacle)
 r - a +6 ring of intelligence (right tentacle)
Wands
 u - a wand of mindburst (11)
Scrolls
 e - 3 scrolls of teleportation {unknown}
 f - a scroll of immolation {unknown}
 h - 4 scrolls of fog {unknown}
 i - 6 scrolls of identify {unknown}
 j - a scroll of enchant armour {unknown}
 m - a scroll of poison {unknown}
 p - 2 scrolls of brand weapon {unknown}
 q - a scroll of fear {unknown}
 s - a scroll of enchant weapon {unknown}
Potions
 a - a potion of magic
 b - a potion of haste {unknown}
 c - a potion of curing {unknown}
 d - a potion of mutation {unknown}
 g - a potion of might {unknown}


   Skills:
 * Level 4.2 Dodging
 + Level 4.5 Stealth
 * Level 3.8 Spellcasting
 + Level 2.6 Conjurations
 + Level 1.9 Hexes
 + Level 4.0 Fire Magic


You had 9 spell levels left.
You knew the following spells:

 Your Spells              Type           Power      Damage    Failure   Level
a - Foxfire               Conj/Fire      76%        2x1d7     2%          1
b - Scorch                Fire           46%        2d7       3%          2
c - Slow                  Hex            52%        N/A       4%          1

Your spell library contained the following spells:

 Spells                   Type           Power      Damage    Failure   Level
 Inner Flame              Hex/Fire       18%        N/A       10%         3
 Confusing Touch          Hex            13%        N/A       14%         3
 Kindle Blastsparks       Fire/Tloc/Air  20%        2d11      19%         3
 Flame Wave               Conj/Fire      19%        2d7       26%         4
 Vampiric Draining        Necr           4%         2d6       32%         3


Dungeon Overview and Level Annotations

Branches:
Dungeon (5/15)
 Temple: D:4-7

Altars:
Hepliaklqana
Ru


Innate Abilities, Weirdness & Mutations

You cannot wear most types of armour.
You are amphibious.
You can wear up to eight rings at the same time.
Your skin changes colour to match your surroundings (Stealth+).
Your rubbery body absorbs attacks. (AC +1, EV +1)
((You are camouflaged when in or above water. (Stealth+)))
You have tentacles for arms and can constrict up to eight enemies at once.


Message History

Casting: Foxfire (safe; 2% risk of failure)
Confirm with . or Enter, or press ? or * to list all spells.
Flames lash the hornet but do no damage.
The foxfire hits the hornet.
The hornet is moderately wounded.
The foxfire hits the hornet but does no damage.
The hornet is moderately wounded.
The foxfire hits the hornet but does no damage.
The hornet is moderately wounded.
The hornet stings you.
You feel yourself slow down.
You conjure some foxfire!
The hornet barely misses you. The hornet stings you.
You feel as though you will be slow longer.
The hornet stings you.
You are poisoned.
You feel as though you will be slow longer.
Casting: Foxfire (safe; 2% risk of failure)
Confirm with . or Enter, or press ? or * to list all spells.
Flames lash the hornet.
The hornet is moderately wounded.
The hornet's fire resistance burns away.
You feel very sick.
The foxfire hits the hornet.
The hornet is moderately wounded.
The foxfire hits the hornet.
The hornet is burned terribly!
The hornet is moderately wounded.
The hornet stings you!
* * * LOW HITPOINT WARNING * * *
You feel as though you will be slow longer.
The hornet stings you!
* * * LOW HITPOINT WARNING * * *
You feel as though you will be slow longer.
You are too injured to fight recklessly!
You are too injured to fight recklessly!
You hit the hornet but do no damage. You grab the hornet.
The hornet is moderately wounded.
You constrict the hornet.
* * * LOW HITPOINT WARNING * * *
You feel very sick. The hornet stings you!!
You die...

##...........#
#............#
#............#
#............#
##...........#
#...........##
#.........###
##..ยง....###
#...@#####
#..y.# #.....#
#.....#
#......#
#......#
#.......#
........#


You could see a hornet (combustible).

Vanquished Creatures
  Menkaure (D:4)
  A black bear (D:4)
  A necrophage (D:4)
  2 hounds (D:4)
  An orc priest (D:3)
  2 orc wizards
  3 adders
  A river rat (D:3)
  3 worms (D:3)
  4 dart slugs
  8 orcs
  8 ball pythons
  5 endoplasms
  7 giant cockroaches
  3 goblins
  3 hobgoblins
  2 quokkas
  9 bats
  A frilled lizard (D:1)
  6 kobolds
  9 rats
80 creatures vanquished.

Vanquished Creatures (others)
  273 foxfires
273 creatures vanquished.

Grand Total: 353 creatures vanquished

Notes
Turn   | Place    | Note
-------+----------+-------------------------------------------
     0 | D:1      | kingofthe the Octopode Fire Elementalist began the quest
                  | for the Orb.
     0 | D:1      | Reached XP level 1. HP: 11/11 MP: 3/3
   305 | D:1      | Reached XP level 2. HP: 17/17 MP: 3/5
   524 | D:1      | Learned a level 2 spell: Scorch
  1233 | D:2      | Reached XP level 3. HP: 21/21 MP: 3/6
  1548 | D:2      | Found a hazy altar of Hepliaklqana.
  1822 | D:3      | Learned a level 1 spell: Slow
  2063 | D:3      | Reached XP level 4. HP: 27/27 MP: 3/7
  2894 | D:3      | Found a faded altar of an unknown god.
  2984 | D:4      | Noticed Menkaure
  3019 | D:3      | Reached XP level 5. HP: 8/31 MP: 1/9
  3194 | D:3      | Reached skill level 1 in Hexes
  3351 | D:4      | Noticed a black bear
  3356 | D:4      | Killed a black bear
  3357 | D:4      | Reached XP level 6. HP: 36/36 MP: 4/10
  3510 | D:4      | Killed Menkaure
  3564 | D:4      | Reached XP level 7. HP: 41/41 MP: 3/12
  3732 | D:4      | Found a sacrificial altar of Ru.
  3798 | D:4      | Found the +9 sword of Power {lifebolt}
  4164 | D:5      | Entered Level 5 of the Dungeon
  4164 | D:5      | Noticed a hornet
  4272 | D:5      | HP: 1/41 [poisoned by a hornet]
  4272 | D:5      | Demolished by a hornet

Illustrated notes

Levels and vault maps discovered:
D:1:      dpeg_arrival_erosion, layout_basic, patterned_corridor
D:2:      cheibrodos_helix_gallery, layout_rooms, basic_altar, minmay_surrounded
D:3:      layout_loops_ring, gup_sewer_entry_bubbles,
          chequers_ecumenical_altar_simple
D:4:      layout_cave_pools, mainiacjoe_overflow_24_doors, uniq_menkaure
D:5:      layout_cave_pods, minitemple

Skill      XL: |  1  2  3  4  5  6 |
---------------+-------------------+-----
Stealth        | 3 4 |  4.5
Dodging        | 3 4 |  4.2
Spellcasting   | 3 |  3.8
Conjurations   | 2 |  2.6
Hexes          | 1 |  1.9
Fire Magic     | 4 |  4.0

Action                     |  1- 3 |  4- 6 |  7- 9 || total
---------------------------+-------+-------+-------++-------
  Melee: Unarmed           |     7 |       |       ||     7
         Constrict         |     3 |     2 |     1 ||     6
         Tentacles         |     2 |     1 |       ||     3
         Spear             |       |     5 |     1 ||     6
   Cast: Foxfire           |    78 |    59 |    20 ||   157
         Scorch            |     5 |    14 |     3 ||    22
 Armour: Skin              |     3 |     1 |       ||     4
  Dodge: Dodged            |    14 |    20 |     4 ||    38

Table legend: (Time is in decaauts)
 A = Elapsed time spent in this place.
 B = Non-inter-level travel time spent in this place.
 C = Inter-level travel time spent in this place.
 D = Time resting spent in this place.
 E = Time spent auto-exploring this place.
 F = Levels seen in this place.
 G = Mean time per level.
                   A        B        C        D        E       F      G
               +--------+--------+--------+--------+--------+-----+--------+
         Total |   4274 |   4065 |    209 |    411 |   3085 |   5 |  854.8 |
       Dungeon |   4274 |   4065 |    209 |    411 |   3085 |   5 |  854.8 |
               +--------+--------+--------+--------+--------+-----+--------+

Top non-repeatable levels by time:
     D:3: 1467 daAuts
     D:1: 1018 daAuts
     D:4: 941 daAuts
     D:2: 794 daAuts
     D:5: 52 daAuts
